 Dungeon Crawl Stone Soup version 0.29-a0-194-g6e3aafee17 (webtiles) character file.

Game seed: 17464143270588160651

123 siradein the Skirmisher (level 5, -3/47 HPs)
             Began as a Hill Orc Fighter on Feb 23, 2022.
             Slain by a water moccasin (5 damage)
             ... on level 4 of the Dungeon.
             The game lasted 00:08:18 (3403 turns).

siradein the Skirmisher (Hill Orc Fighter)          Turns: 3403, Time: 00:08:20

Health: -3/47      AC: 14    Str: 19    XL:     5   Next: 7%
Magic:  5/5        EV:  4    Int: 19    God:
Gold:   127        SH:  8    Dex: 12    Spells: 4/4 levels left

rFire   . . .      SeeInvis .   w - +4 dagger "Morg" {pain, Will+ Int+5}
rCold   . . .      Faith    .   a - +0 kite shield
rNeg    . . .      Spirit   .   j - +0 plate armour
rPois   .          Reflect  .   r - +1 helmet
rElec   .          Harm     .   (no cloak)
rCorr   .          Rampage  .   (no gloves)
Will    +....                   (no boots)
Stlth   ..........              (no amulet)
HPRegen 0.15/turn               g - +6 ring of intelligence
MPRegen 0.09/turn               (no ring)

@: lethally poisoned (-3 -> -15)
A: no striking features
a: no special abilities


You were on level 4 of the Dungeon.
You visited 1 branch of the dungeon, and saw 4 of its levels.

You collected 127 gold pieces.

Inventory:

Hand Weapons
 s - a +2 mace of protection
 u - a +0 mace of venom
 w - the +4 dagger "Morg" (weapon) {pain, Will+ Int+5}
   (You found it on level 3 of the Dungeon)

   In the hands of one skilled in necromantic magic, it inflicts extra damage on
   living creatures.
   Int:       It affects your intelligence (+5).
   Will:      It increases your willpower.
Armour
 a - a +0 kite shield (worn)
 j - a +0 plate armour (worn)
 r - a +1 helmet (worn)
Jewellery
 g - a +6 ring of intelligence (left hand)
Scrolls
 b - 6 scrolls of identify {unknown}
 e - 2 scrolls of vulnerability {unknown}
 f - 2 scrolls of holy word {unknown}
 h - 2 scrolls of teleportation {unknown}
 i - 2 scrolls of noise {unknown}
 n - a scroll of fog {unknown}
 v - a scroll of magic mapping {unknown}
Potions
 d - 3 potions of might
 k - 2 potions of flight {unknown}
 l - a potion of curing {unknown}
 m - a potion of cancellation {unknown}
 o - a potion of brilliance {unknown}
 p - a potion of magic {unknown}
 q - a potion of heal wounds {unknown}
 t - a potion of lignification {unknown}


   Skills:
 + Level 4.5 Fighting
 + Level 0.4 Short Blades
 - Level 3.8 Axes
 + Level 4.1 Armour
 + Level 0.2 Dodging
 + Level 4.1 Shields
 + Level 0.1 Spellcasting
 + Level 0.2 Necromancy


You had 4 spell levels left.
You didn't know any spells.
Your spell library contained the following spells:

 Spells                   Type           Power      Damage    Failure   Level
 Animate Skeleton         Necr           0%         N/A       100%        1
 Apportation              Tloc           0%         N/A       100%        1
 Summon Small Mammal      Summ           0%         N/A       100%        1


Dungeon Overview and Level Annotations

Branches:
Dungeon (4/15)
 Temple: D:4-7

Altars:

Shops:
D:1 *

Annotations:
D:3 Grinder


Message History

The shadow imp is heavily wounded.
You block the shadow imp's attack.
The adder skeleton bites you but does no damage.
The endoplasm hits you but does no damage.
You block the adder skeleton's attack.
The adder skeleton bites you but does no damage.
You block the water moccasin's attack.
The shadow imp shouts, "Begone, thou reeling-ripe sow-suckled bloater!"
You block the water moccasin's attack.
The water moccasin bites you but does no damage.
The water moccasin bites you.
You are poisoned.
The water moccasin poisons you!
You feel very sick.
You feel sick.
You feel sick. You block the water moccasin's attack.
You feel sick.
You feel sick.
You feel sick. You block the water moccasin's attack.
You feel sick.
You feel sick.
You are no longer poisoned.
The water moccasin bites you but does no damage.
You hit the water moccasin.
The water moccasin is lightly wounded.
You block the water moccasin's attack. x2
You miss the water moccasin.
The water moccasin is lightly wounded.
The water moccasin bites you.
* * * LOW HITPOINT WARNING * * *
You are lethally poisoned!
The water moccasin poisons you!
You hit the water moccasin but do no damage.
The water moccasin is lightly wounded.
* * * LOW HITPOINT WARNING * * *
You feel very sick. The water moccasin bites you.
* * * LOW HITPOINT WARNING * * *
The water moccasin bites you.
You die...

#....... #.......
########## #.......
.........#########.......
##########.....#...........
#.......######......[......
#.......# ###............
#.......#####.......##.....
#......J5S@...#.....#######
###......Z#######.....# #
####....<....# .......# .
##........[...# .#......#
#. ......#.......# #.######
.. ...############ .. #..
.......... #.. .....#####
.#####


You could see a water moccasin, a shadow imp, an endoplasm and an adder
skeleton.

Vanquished Creatures
  Robin (D:2)
  2 adders (D:2)
  2 gnolls (D:3)
  An adder skeleton (D:4)
  A dart slug (D:1)
  4 orcs (D:3)
  8 endoplasms
  A giant cockroach (D:1)
  9 goblins (D:2)
  9 hobgoblins
  3 jackals (D:1)
  7 quokkas
  A bat (D:1)
  4 frilled lizards
  2 kobolds
  3 rats
58 creatures vanquished.

Vanquished Creatures (others)
  23 plants (D:3)
23 creatures vanquished.

Grand Total: 81 creatures vanquished

Notes
Turn   | Place    | Note
-------+----------+-------------------------------------------
     0 | D:1      | siradein the Hill Orc Fighter began the quest for the Orb.
     0 | D:1      | Reached XP level 1. HP: 19/19 MP: 1/1
    39 | D:1      | Found Moagain's Assorted Antiques.
   185 | D:1      | Reached XP level 2. HP: 20/27 MP: 2/2
   479 | D:1      | Reached XP level 3. HP: 24/33 MP: 3/3
  1462 | D:2      | Found a faded altar of an unknown god.
  1498 | D:2      | Noticed Robin
  1514 | D:2      | Reached XP level 4. HP: 36/40 MP: 4/4
  1670 | D:2      | Killed Robin
  2200 | D:3      | HP: 2/41 [quokka (4)]
  2598 | D:3      | Found the +4 dagger "Morg" {pain, Will+ Int+5}
  2744 | D:3      | Noticed Grinder
  3205 | D:3      | Reached XP level 5. HP: 46/47 MP: 5/5
  3377 | D:4      | Noticed a water moccasin
  3403 | D:4      | HP: 2/47 [water moccasin (3)]
  3403 | D:4      | Slain by a water moccasin

Illustrated notes

Levels and vault maps discovered:
D:1:      lightli_arrival_chessboard, layout_loops_corners, serial_shops,
          nicolae_shop_trees
D:2:      layout_rooms, dreamdust_ecumenical_altar_hidden_monk_grotto,
          minmay_misc_feat_alley, kennysheep_big_empty_room, uniq_robin
D:3:      wad_woods_settlement, layout_basic, minmay_misc_feat_more_columns,
          small_statue_intersection, fountainhead, uniq_grinder
D:4:      layout_rooms, minmay_temple_entry_ruins, minmay_strange_pillars

Skill      XL: |  1  2  3  4 |
---------------+-------------+-----
Axes           | 3 |  3.8
Fighting       | 4 |  4.5
Armour         | 4 |  4.1
Shields        | 4 |  4.1
Short Blades   | |  0.4
Dodging        | |  0.2
Spellcasting   | |  0.1
Necromancy     | |  0.2

Action                   |  1- 3 |  4- 6 || total
-------------------------+-------+-------++-------
Melee: War axe           |    79 |    24 ||   103
       Mace              |       |    46 ||    46
       Dagger            |       |    43 ||    43
Armor: Scale mail        |    12 |       ||    12
       Plate armour      |    40 |    85 ||   125
Dodge: Dodged            |    28 |    34 ||    62
Block: Buckler           |    24 |    23 ||    47
       Kite shield       |       |    16 ||    16

Table legend: (Time is in decaauts)
 A = Elapsed time spent in this place.
 B = Non-inter-level travel time spent in this place.
 C = Inter-level travel time spent in this place.
 D = Time resting spent in this place.
 E = Time spent auto-exploring this place.
 F = Levels seen in this place.
 G = Mean time per level.
                   A        B        C        D        E       F      G
               +--------+--------+--------+--------+--------+-----+--------+
         Total |   3460 |   3386 |     74 |    194 |   2429 |   4 |  865.0 |
       Dungeon |   3460 |   3386 |     74 |    194 |   2429 |   4 |  865.0 |
               +--------+--------+--------+--------+--------+-----+--------+

Top non-repeatable levels by time:
     D:2: 1223 daAuts
     D:1: 1176 daAuts
     D:3: 930 daAuts
     D:4: 130 daAuts
